 Dungeon Sprint DCSS version 0.27.1 (webtiles) character file.

Game seed: 17727394616916172831

5 JuniperTheExplorer the Shield-Bearer (level 1, -6/19 HPs)
             Began as a Formicid Fighter on Aug 24, 2021.
             Mangled by an iguana (7 damage)
             ... in the Dungeon (Sprint IX: "|||||||||||||||||||||||||||||").
             The game lasted 00:00:09 (120 turns).

JuniperTheExplorer the Shield-Bearer (FoFi)          Turns: 120, Time: 00:00:10

Health: -6/19      AC:  7    Str: 20    XL:     1   Next: 88%
Magic:  1/1        EV:  8    Int:  7    God:
Gold:   0          SH:  9    Dex: 10    Spells: 0/0 levels left

rFire    . . .     SeeInvis +   a - +0 quarterstaff
rCold    . . .     Faith    .   c - +0 kite shield
rNeg     . . .     Spirit   .   b - +0 scale mail
rPois    .         Reflect  .   (helmet unavailable)
rElec    .         Harm     .   (no cloak)
rCorr    .         Rampage  .   (no gloves)
Will     .....                  (no boots)
Stlth    ..........             (no amulet)
HPRegen  0.06/turn              (no ring)
MPRegen  0.07/turn              (no ring)

@: no status effects
A: permanent stasis, dig shafts and tunnels, antennae 3, four strong arms
a: Dig


You were in the Dungeon.
You visited 1 branch

Inventory:

Hand Weapons
 a - a +0 quarterstaff (weapon)
Armour
 b - a +0 scale mail (worn)
 c - a +0 kite shield (worn)
Potions
 d - a potion of might
 e - a potion of curing
 f - a potion of heal wounds
 g - 2 potions of magic


   Skills:
 + Level 3.9 Fighting
 + Level 2.2 Staves
 + Level 3.9 Armour
 + Level 4.3 Shields


You couldn't memorise any spells.
You didn't know any spells.
Your spell library was empty.

Dungeon Overview and Level Annotations

Branches:
Dungeon (1/1)

Altars:


Innate Abilities, Weirdness & Mutations

You cannot be hasted, slowed, berserked, paralysed or teleported.
You can dig through walls and to a lower floor.
You have a pair of large antennae on your head. (SInv)
Your four strong arms can wield two-handed weapons with a shield.


Message History

You hit the quokka.
You kill the quokka!
Your Shields skill increases to level 4!
The goblin hits you but does no damage.
There is an open door to the Dungeon here.
You see here a +0 club.
You sock the goblin!
You kill the goblin!
You block the rat's attack.
You hit the rat.
You kill the rat!
You barely miss the jackal.
The jackal stops to sniff the ground.
The jackal closely misses you. You block the jackal's attack.
You sock the jackal!
You kill the jackal!
Things that are here:
a +0 dagger; a jackal corpse; a goblin corpse You start waiting.
Done waiting.
As you open the door, it creaks loudly!
An iguana, an adder, a hound, an orc and a skeleton come into view.
The adder hisses angrily.
The orc shouts!
The hound barks!
You hit the iguana.
The iguana is lightly wounded.
The iguana bites you!
Ouch! That really hurt!
You hit the iguana but do no damage.
The iguana is lightly wounded.
You block the iguana's attack.
You hit the iguana.
The iguana is moderately wounded.
You block the iguana's attack.
The iguana hisses menacingly.
The iguana bites you!
* * * LOW HITPOINT WARNING * * *
You thump the iguana!
The iguana is almost dead.
The iguana bites you!
You die...

▓.▓
▓.▓
▓.▓
▓)▓
▓)▓
▓.▓
▓.▓
▓.▓
▓@▓
▓l▓
▓S▓
▓o▓
▓h▓
▓Z▓
▓.▓
▓+▓


You could see an iguana, a hound, an adder, an orc and a ball python skeleton.

Vanquished Creatures
  A jackal (D)
  A quokka (D)
  2 goblins (D)
  A rat (D)
5 creatures vanquished.

Notes
Turn   | Place    | Note
-------+----------+-------------------------------------------
     0 | D        | JuniperTheExplorer the Formicid Fighter began the quest for
                  | the Orb.
     0 | D        | Reached XP level 1. HP: 18/18 MP: 1/1
     6 | D        | Reached skill level 4 in Shields
   116 | D        | Noticed an iguana
   116 | D        | Noticed a hound
   120 | D        | Mangled by an iguana

Illustrated notes

Levels and vault maps discovered:
D:        linesprint [early_d, line_temple, items_1, d_10, items_2, lair_1,
          lair_end, items_3, orc_1, orc_end, items_4, d_15, swamp_1, shoals_1,
          snake_1, spider_1, d_20, vaults_1, items_5, swamp_end, shoals_end,
          snake_end, spider_end, vaults_end, d_27, items_6, zot_1, zot_end,
          crypt_end, forest_end, elf_end, slime_end, tomb_end, abyss_end,
          pan_hell_end]

Skill      XL: |  1 |
---------------+----+-----
Shields        | 4 |  4.3
Fighting       | |  3.9
Staves         | |  2.2
Armour         | |  3.9

Action                   || total
-------------------------++-------
Melee: Quarterstaff      ||    10
Armor: Scale mail        ||     1
Dodge: Dodged            ||     1
Block: Kite shield       ||     4
